 Dungeon Crawl Stone Soup version 0.22-a0-268-g1cc83ef (webtiles) character file.

234 tidbits the Insei (level 6, 47/47 HPs)
             Began as a Gnoll Transmuter on Mar 9, 2018.
             Quit the game in the Ecumenical Temple.
             The game lasted 00:07:28 (1070 turns).

tidbits the Insei (Gnoll Transmuter)                Turns: 1070, Time: 00:07:30

Health: 47/47      AC:  1    Str: 21    XL:     6   Next: 5%
Magic:  13/13      EV: 15    Int: 19    God:
Gold:   84         SH:  0    Dex: 15    Spells: 9/15 levels left

rFire    . . .     SeeInvis .     - Unarmed
rCold    + . .     Gourm    .   (no shield)
rNeg     . . .     Faith    .   B - +0 robe
rPois    .         Spirit   .   (no helmet)
rElec    .         Reflect  .   C - scarf {rC+ rF+}
rCorr    .         Harm     .   (no gloves)
MR       .....                  F - -2 pair of boots
Stlth    +.........             (no amulet)
HPRegen  0.15/turn              j - ring of the Oracle {+Inv rF- Str+8 Int+2}
MPRegen  0.13/turn              (no ring)

@: very slow
A: distributed training, fangs 1, strong nose
a: Evoke Invisibility


You were in the Ecumenical Temple.
You were not hungry.

You visited 2 branches of the dungeon, and saw 8 of its levels.

You collected 84 gold pieces.

Inventory:

Hand Weapons
 g - a +0 hunting sling
 h - a +0 dagger
Missiles
 a - 7 arrows
Armour
 B - a +0 robe (worn)
 C - a scarf of resistance (worn)
   (You found it on level 4 of the Dungeon)
 F - a -2 pair of boots (worn)
Jewellery
 j - the ring of the Oracle (left hand) {+Inv rF- Str+8 Int+2}
   (You found it on level 4 of the Dungeon)

   [ring of intelligence]

   It affects your strength (+8).
   It affects your intelligence (+2).
   It makes you vulnerable to fire.
   It lets you turn invisible.
Scrolls
 b - a scroll of noise {unknown}
 e - 2 scrolls of teleportation
 f - a scroll of remove curse
 i - a scroll of identify
 l - a scroll of immolation {unknown}
Potions
 c - a potion of curing
 k - a potion of degeneration
Comestibles
 d - a ration


   Skills:
 + Level 3.1 Fighting
 + Level 1.7 Short Blades
 + Level 1.7 Long Blades
 + Level 1.7 Axes
 + Level 1.7 Maces & Flails
 + Level 1.7 Polearms
 + Level 1.7 Staves
 + Level 1.7 Slings
 + Level 1.7 Bows
 + Level 1.7 Crossbows
 + Level 1.7 Throwing
 + Level 1.7 Armour
 + Level 4.9 Dodging
 + Level 1.7 Stealth
 + Level 1.7 Shields
 + Level 6.7 Unarmed Combat
 + Level 5.2 Spellcasting
 + Level 1.3 Conjurations
 + Level 1.3 Hexes
 + Level 1.3 Charms
 + Level 1.3 Summonings
 + Level 1.3 Necromancy
 + Level 1.3 Translocations
 + Level 4.0 Transmutations
 + Level 1.3 Fire Magic
 + Level 1.3 Ice Magic
 + Level 1.3 Air Magic
 + Level 1.3 Earth Magic
 + Level 1.3 Poison Magic
 + Level 1.9 Invocations
 + Level 1.7 Evocations


You had 9 spell levels left.
You knew the following spells:

 Your Spells              Type           Power        Failure   Level  Hunger
e - Beastly Appendage     Tmut           ###...       2%          1    None
k - Sticks to Snakes      Tmut           ###.....     3%          2    None
p - Spider Form           Tmut/Pois      ###.......   12%         3    ##.....


Dungeon Overview and Level Annotations

Branches:
Dungeon (7/15)             Temple (1/1) D:5

Altars:
Ashenzari
Dithmenos
Elyvilon
Fedhas
Gozag
Hepliaklqana
Kikubaaqudgha
Makhleb
Nemelex Xobeh
Okawaru
Qazlal
Ru
Sif Muna
Trog
Uskayaw
Vehumet
Wu Jian
Xom
Yredelemnul
Zin
The Shining One


Innate Abilities, Weirdness & Mutations

Your experience applies equally to all skills.
You have very sharp teeth.
Your uncanny sense of smell can sniff out nearby items.


Message History

Your ball python withers and dies!
There is an open door here.
There is an open door here.
You open the door.
You are feeling very hungry.
There is an open door here.
You open the door.
There is an open door here.
Found an escape hatch in the floor.
A howler monkey comes into view.
The howler monkey howls!
A hound comes into view.
Casting: Sticks to Snakes (safe; 3% risk of failure)
Confirm with . or Enter, or press ? or * to list all spells.
You turn into a venomous arachnid creature.
Your scarf of resistance melds into your body.
Your -2 pair of boots melds into your body.
Your +0 robe melds into your body.
You feel hot and cold all over.
The hound barks!
Casting: Spider Form (safe; 30% risk of failure)
Confirm with . or Enter, or press ? or * to list all spells.
You create 2 snakes!
You now have 7 arrows.
The howler monkey hoots and howls with incredible vigour!
You hear a shout!
You bite the howler monkey!
The howler monkey looks as sick as possible!
The howler monkey is heavily wounded.
Your adder misses the howler monkey.
The howler monkey completely misses you.
The hound completely misses you.
You closely miss the howler monkey.
The howler monkey is severely wounded.
Your adder bites the howler monkey.
The howler monkey looks as sick as possible!
Your adder poisons the howler monkey!
The hound misses you.
Your ball python bites the howler monkey but does no damage.
Your ball python grabs the howler monkey.
Your ball python constricts the howler monkey.
The howler monkey dies!
Your ball python looks stronger.
You hit the hound but do no damage.
The hound is poisoned.
Your transformation is almost over.
The hound completely misses you.
Your adder closely misses the hound.
You bite the hound!
The hound looks as sick as possible!
The hound is severely wounded.
You kill the hound!
You have reached level 6!
Your experience leads to an increase in your attributes!
Your base attributes are Str 13, Int 16, Dex 15.
Increase (S)trength, (I)ntelligence, or (D)exterity?
You feel clever.
You swap places.
You see here a howler monkey corpse.
You butcher the howler monkey corpse.
You see here 2 chunks of flesh.
Eat one of 2 chunks of flesh? (ye/n/q)
You eat one of the 2 chunks of flesh.
This raw flesh tastes terrible.
Your transformation has ended.
Your scarf of resistance unmelds from your body.
Your -2 pair of boots unmelds from your body.
Your +0 robe unmelds from your body.
You feel resistant to extremes of temperature.
An ogre comes into view. It is wielding a giant club.
There is a staircase to the Ecumenical Temple here.
You climb downwards.
Welcome to the Ecumenical Temple!
Your summoned allies are left behind.
Found a shadowy altar of Dithmenos and an opulent altar of Gozag.
There is a staircase back to the Dungeon here.
Found a blossoming altar of Fedhas.
You enter the shallow water.
Moving in this stuff is going to be slow.
Why would you want to do that?
Unknown command.
Found a deep blue altar of Sif Muna.
Found a basalt altar of Yredelemnul.
You enter the shallow water.
Moving in this stuff is going to be slow.
Found an iron altar of Okawaru and a stormy altar of Qazlal.
Found a glowing golden altar of the Shining One.
You enter the shallow water.
Moving in this stuff is going to be slow.
Found a hide-covered altar of Uskayaw.
Found an ancient bone altar of Kikubaaqudgha.
You enter the shallow water.
Moving in this stuff is going to be slow.
Unknown command.
Found a shimmering altar of Xom.
You enter the shallow water.
Moving in this stuff is going to be slow.
Why would you want to do that? Why would you want to do that?
Unknown command.
Found a bloodstained altar of Trog and a glowing silver altar of Zin.
Found a hazy altar of Hepliaklqana.
Found a burning altar of Makhleb.
Found a radiant altar of Vehumet and a shattered altar of Ashenzari.
Found a white marble altar of Elyvilon.
You enter the shallow water.
Moving in this stuff is going to be slow.
Are you sure you want to abandon this character and quit the game? (Confirm with "yes".)

#### ############### #####
################ ≈≈≈≈≈≈
≈≈≈≈≈≈≈≈≈≈≈≈≈≈≈§§ ≈≈≈≈≈≈≈
≈≈≈≈≈≈≈≈≈≈≈≈≈≈≈≈§§
≈≈≈≈≈≈≈≈≈≈≈≈≈≈≈≈≈≈...≈≈≈≈§§§
≈≈≈...≈≈≈≈≈≈≈≈≈≈≈≈._.≈≈≈≈≈≈§#
≈≈≈._.≈≈≈≈...≈≈≈≈≈...≈≈≈≈≈≈≈#
≈≈≈...≈≈≈≈.8.≈≈≈@≈≈≈≈≈≈≈≈≈≈≈#
≈≈≈≈≈≈≈≈≈≈...≈≈≈≈≈≈≈≈≈≈...≈≈#
≈≈≈≈≈≈≈≈≈≈≈≈≈≈≈≈≈...≈≈≈._.≈≈#
≈≈≈≈≈≈≈≈≈≈≈≈≈≈≈≈≈._.≈≈≈...≈≈#
≈≈≈≈≈≈≈≈≈≈≈≈≈≈≈≈≈...≈≈≈≈≈≈≈≈#
≈≈≈...≈≈≈≈≈≈≈≈≈≈≈≈≈≈≈≈≈≈≈≈≈≈#
≈≈.....≈≈≈≈...≈≈≈≈≈≈≈≈...≈≈≈#
≈≈..<..≈≈≈≈.#.≈≈≈≈≈≈≈≈._.≈≈≈#
≈≈.....≈≈≈≈...≈≈≈≈≈≈≈≈...≈≈≈#


There were no monsters in sight!

Vanquished Creatures
  An ogre (D:4)
  A hound (D:5)
  4 adders
  An ooze (D:2)
  An adder skeleton (D:4)
  2 dart slugs
  4 orcs
  A giant cockroach (D:2)
  4 goblins
  2 hobgoblins (D:1)
  3 jackals (D:1)
  2 quokkas
  4 bats
  3 frilled lizards
  7 kobolds
  6 rats
46 creatures vanquished.

Vanquished Creatures (collateral kills)
  A howler monkey (D:5)
  A shadow imp (D:5)
2 creatures vanquished.

Grand Total: 48 creatures vanquished

Notes
Turn   | Place    | Note
-------+----------+-------------------------------------------
     0 | D:1      | tidbits the Gnoll Transmuter began the quest for the Orb.
     0 | D:1      | Reached XP level 1. HP: 17/17 MP: 6/6
   113 | D:1      | Reached XP level 2. HP: 18/23 MP: 7/7
   117 | D:1      | Learned a level 2 spell: Sticks to Snakes
   419 | D:2      | Reached XP level 3. HP: 14/28 MP: 7/9
   424 | D:2      | Learned a level 3 spell: Spider Form
   440 | D:2      | Found an ornate altar of the Wu Jian Council.
   441 | D:2      | Found a sacrificial altar of Ru.
   446 | D:2      | Reached skill level 5 in Spellcasting
   517 | D:2      | Reached skill level 1 in Invocations
   561 | D:2      | Reached skill level 1 in Short Blades
   561 | D:2      | Reached skill level 1 in Long Blades
   561 | D:2      | Reached skill level 1 in Axes
   561 | D:2      | Reached skill level 1 in Maces & Flails
   561 | D:2      | Reached skill level 1 in Polearms
   561 | D:2      | Reached skill level 1 in Staves
   561 | D:2      | Reached skill level 1 in Slings
   561 | D:2      | Reached skill level 1 in Bows
   561 | D:2      | Reached skill level 1 in Crossbows
   561 | D:2      | Reached skill level 1 in Throwing
   561 | D:2      | Reached skill level 1 in Armour
   561 | D:2      | Reached skill level 1 in Stealth
   561 | D:2      | Reached skill level 1 in Shields
   561 | D:2      | Reached skill level 1 in Evocations
   576 | D:3      | Reached XP level 4. HP: 26/34 MP: 4/11
   705 | D:4      | Got a crude bronze ring
   706 | D:4      | Identified the ring of the Oracle {+Inv rF- Str+8 Int+2} (You found it on level 4 of the Dungeon)
   746 | D:4      | Noticed an ogre
   756 | D:4      | Killed an ogre
   756 | D:4      | Reached skill level 1 in Conjurations
   756 | D:4      | Reached skill level 1 in Hexes
   756 | D:4      | Reached skill level 1 in Charms
   756 | D:4      | Reached skill level 1 in Summonings
   756 | D:4      | Reached skill level 1 in Necromancy
   756 | D:4      | Reached skill level 1 in Translocations
   756 | D:4      | Reached skill level 1 in Fire Magic
   756 | D:4      | Reached skill level 1 in Ice Magic
   756 | D:4      | Reached skill level 1 in Air Magic
   756 | D:4      | Reached skill level 1 in Earth Magic
   756 | D:4      | Reached skill level 1 in Poison Magic
   756 | D:4      | Reached XP level 5. HP: 34/40 MP: 8/12
   763 | D:5      | Entered Level 5 of the Dungeon
   830 | D:7      | Noticed a slave
   830 | D:7      | Noticed a water moccasin
   830 | D:7      | Noticed a gargoyle
   864 | D:5      | Found a sparkling altar of Nemelex Xobeh.
   900 | D:5      | Reached skill level 3 in Fighting
   906 | D:5      | Reached skill level 4 in Transmutations
   931 | D:5      | Found a staircase to the Ecumenical Temple.
   990 | D:5      | Reached XP level 6. HP: 47/47 MP: 7/13
  1010 | Temple   | Entered the Ecumenical Temple
  1070 | Temple   | Quit the game

Vault maps used:
D:1:      lemuel_arrival_lava_pool, minmay_tromino_i2
D:2:      gammafunk_temple_overflow_pools
D:4:      first_ration, chei_slow_surprise
D:5:      lemuel_doored_altar, nicolae_overflow_hidden_temple,
          minmay_temple_entry_statues
D:7:      uniq_pikel
Temple:   regret_index_temple_mists

Skill      XL: |  1  2  3  4  5 |
---------------+----------------+-----
Spellcasting   | 5 |  5.2
Invocations    | 1 |  1.9
Short Blades   | 1 |  1.7
Long Blades    | 1 |  1.7
Axes           | 1 |  1.7
Maces & Flails | 1 |  1.7
Polearms       | 1 |  1.7
Staves         | 1 |  1.7
Slings         | 1 |  1.7
Bows           | 1 |  1.7
Crossbows      | 1 |  1.7
Throwing       | 1 |  1.7
Armour         | 1 |  1.7
Stealth        | 1 |  1.7
Shields        | 1 |  1.7
Evocations     | 1 |  1.7
Conjurations   | 1 |  1.3
Hexes          | 1 |  1.3
Charms         | 1 |  1.3
Summonings     | 1 |  1.3
Necromancy     | 1 |  1.3
Translocations | 1 |  1.3
Fire Magic     | 1 |  1.3
Ice Magic      | 1 |  1.3
Air Magic      | 1 |  1.3
Earth Magic    | 1 |  1.3
Poison Magic   | 1 |  1.3
Fighting       | 3 |  3.1
Transmutations | 4 |  4.0
Dodging        | |  4.9
Unarmed Combat | |  6.7

Action                   |  1- 3 |  4- 6 || total
-------------------------+-------+-------++-------
Melee: Unarmed           |    70 |    36 ||   106
       Kick              |     8 |       ||     8
       Bite              |     3 |       ||     3
       Headbutt          |     2 |       ||     2
       Punch             |     2 |       ||     2
 Cast: Beastly Appendage |    12 |     2 ||    14
       Sticks to Snakes  |     1 |     3 ||     4
       Spider Form       |     3 |     6 ||     9
 Abil: End Transformatio |     1 |       ||     1
  Use: Scroll            |     3 |     3 ||     6
 Stab: Sleeping          |     3 |     2 ||     5
       Distracted        |       |     1 ||     1
  Eat: Chunk             |       |     1 ||     1
Armor: Robe              |     2 |       ||     2
       Skin              |     1 |       ||     1
Dodge: Dodged            |    47 |    25 ||    72

Table legend:
 A = Spawn XP
 B = Non-spawn XP
 C = Spawn XP percentage of total XP
 D = Spawn monster count
 E = Non-spawn monster count
 F = Spawn count percentage of total count
 G = Total turns spent on level
                    A         B        C        D         E        F      G
               +---------+---------+-------+---------+---------+-------+---------
         Total |       0 |     335 |   0.0 |       0 |      48 |   0.0 |  1070
               +---------+---------+-------+---------+---------+-------+---------
           D:1 |       0 |      27 |   0.0 |       0 |      16 |   0.0 |   396
           D:2 |       0 |      51 |   0.0 |       0 |      14 |   0.0 |   170
           D:3 |       0 |      14 |   0.0 |       0 |       7 |   0.0 |   120
           D:4 |       0 |     111 |   0.0 |       0 |       3 |   0.0 |    79
           D:5 |       0 |     129 |   0.0 |       0 |       7 |   0.0 |   224
           D:6 |       0 |       3 |   0.0 |       0 |       1 |   0.0 |    19
               +---------+---------+-------+---------+---------+-------+---------

Table legend:
 A = Turns spent in this place as a percentage of turns spent in the entire game.
 B = Non-inter-level travel turns spent in this place as a percentage of non-inter-level travel turns spent in the entire game.
 C = Inter-level travel turns spent in this place as a percentage of turns spent in this place.
 D = Turns resting spent in this place as a percentage of non-inter-level travel turns spent in this place.
 E = Turns spent auto-exploring this place as a percentage of non-inter-level travel turns spent in this place.
 F = Non-inter-level travel turns spent in this place divided by the number of levels of this place that you've seen.
                   A       B       C       D       E      F
               +-------+-------+-------+-------+-------+----------------------
         Total | 100.0 | 100.0 |   0.0 |   0.0 |   0.0 | 133.8
       Dungeon |  94.4 |  94.4 |   0.0 |   0.0 |   0.0 | 144.3
        Temple |   5.6 |   5.6 |   0.0 |   0.0 |   0.0 |  60.0
               +-------+-------+-------+-------+-------+----------------------

Table legend:
 A = Kills in this place as a percentage of kills in entire the game.
 B = Kills by you in this place as a percentage of kills by you in the entire game.
 C = Kills by friends in this place as a percentage of kills by friends in the entire game.
 D = Other kills in this place as a percentage of other kills in the entire game.
 E = Experience gained in this place as a percentage of experience gained in the entire game.
 F = Experience gained in this place divided by the number of levels of this place that you have seen.
                   A       B       C       D       E      F
               +-------+-------+-------+-------+-------+----------------------
         Total | 100.0 | 100.0 | 100.0 |   N/A | 100.0 |  41.9
       Dungeon | 100.0 | 100.0 | 100.0 |   N/A | 100.0 |  47.9
               +-------+-------+-------+-------+-------+----------------------

Vault maps used:
D:1:      lemuel_arrival_lava_pool, minmay_tromino_i2
D:2:      gammafunk_temple_overflow_pools
D:4:      first_ration, chei_slow_surprise
D:5:      lemuel_doored_altar, nicolae_overflow_hidden_temple,
          minmay_temple_entry_statues
D:7:      uniq_pikel
Temple:   regret_index_temple_mists
